 Dungeon Crawl Stone Soup version 0.31-a0-164-g2312942fda (webtiles) character file.

Game seed: 16661134423401205936

627 Serulin the Sneak (level 7, 17/44 HPs)
             Began as a Gargoyle Delver on June 13, 2023.
             Was an Initiate of Gozag.
             Quit the game on level 4 of the Dungeon.
             The game lasted 00:11:30 (3419 turns).

Serulin the Sneak (Gargoyle Delver)                 Turns: 3419, Time: 00:11:30

Health: 17/44      AC:  9    Str: 17    XL:     7   Next: 47%
Magic:  7/7        EV: 12    Int:  9    God:    Gozag
Gold:   139        SH:  0    Dex: 17    Spells: 6/6 levels left

rFire   . . .        a - +0 mace
rCold   + . .        (no shield)
rNeg    + . .        m - +0 ring mail
rPois   ∞            (helmet restricted)
rElec   +            (no cloak)
rCorr   .            (no gloves)
SInv    .            q - +0 pair of boots
Will    .....        (no amulet)
Stlth   +++          w - +6 ring of dexterity
HPRegen 0.27/turn    (no ring)
MPRegen 0.10/turn

%: no passive effects
@: gold aura
A: sickness immunity, AC +4, negative energy resistance 1, electricity
resistance, torment resistance 1, petrification resistance, antennae 1, cold
resistance 1, deformed body, dopey 1
a: Renounce Religion, Potion Petition, Call Merchant, Bribe Branch


You were on level 4 of the Dungeon.
You worshipped Gozag.
Gozag was aware of your devotion.
You visited 2 branches of the dungeon, and saw 6 of its levels.

You collected 230 gold pieces.
You paid 91 gold pieces to Gozag.

Inventory:

Hand Weapons
 a - a +0 mace (weapon)
Missiles
 y - 3 datura-tipped darts
Armour
 l - a +0 helmet
 m - a +0 ring mail (worn)
 q - a +0 pair of boots (worn)
Jewellery
 h - a ring of ice
 k - a ring of ice
 w - a +6 ring of dexterity (left hand)
 z - a +4 ring of protection
Wands
 g - a wand of digging (3)
 i - a wand of paralysis (3)
 u - a wand of polymorph (6)
Scrolls
 b - 2 scrolls of butterflies {unknown}
 c - a scroll of fog
 d - 2 scrolls of revelation
 e - a scroll of fear
 n - a scroll of poison
 o - 4 scrolls of teleportation
 s - a scroll of vulnerability {unknown}
Potions
 f - a potion of haste
 j - a potion of enlightenment {unknown}
 p - a potion of lignification
 r - a potion of ambrosia
 v - 2 potions of heal wounds


   Skills:
 + Level 5.4 Fighting
 + Level 4.3 Maces & Flails
 + Level 4.0 Armour
 + Level 3.5 Dodging
 - Level 5.4 Stealth


You had 6 spell levels left.
You didn't know any spells.
Your spell library contained the following spells:

 Spells                   Type           Power      Damage    Failure   Level
 Inner Flame              Hex/Fire       0%         N/A       91%         3
 Flame Wave               Conj/Fire      0%         2d4       100%        4
 Sticky Flame             Conj/Fire      0%         2d3       100%        4


Dungeon Overview and Level Annotations

Branches:
Dungeon (5/15)             Temple (1/1) D:4

Altars:
Ashenzari
Cheibriados
Dithmenos
Elyvilon
Gozag
Hepliaklqana
Kikubaaqudgha
Makhleb
Nemelex Xobeh
Okawaru
Qazlal
Ru
Trog
Wu Jian
Xom
Yredelemnul
Zin
The Shining One


Innate Abilities, Weirdness & Mutations

You are immune to sickness and miasma.
Your stone body is resilient. (AC +4)
You are immune to poison.
You resist negative energy. (rN+)
You are resistant to electric shocks. (rElec)
You are resistant to unholy torment.
You are immune to petrification.
You have a pair of small antennae on your head.
Your flesh is cold resistant. (rC+)
Armour fits poorly on your strangely shaped body.
You are dopey. (Int -2)


Message History

The iguana bites you but does no damage.
You closely miss the iguana.
The iguana bites you but does no damage.
You barely miss the iguana. The iguana misses you.
You closely miss the iguana. The iguana misses you.
You hit the iguana.
The iguana is lightly wounded.
The iguana bites you but does no damage.
You hit the iguana.
The iguana is moderately wounded.
The iguana bites you but does no damage.
The iguana bites you!
You hit the iguana.
The iguana is moderately wounded.
The iguana closely misses you.
You sock the iguana!
The iguana is almost dead.
The iguana barely misses you.
You completely miss the iguana.
The iguana is almost dead.
The iguana closely misses you.
You sock the iguana!
You kill the iguana!
You now have 139 gold pieces (gained 6).
As you read the scroll of identify, it crumbles to dust.
t - 2 potions of mutation
As you read the scroll of identify, it crumbles to dust.
v - 2 potions of heal wounds
Okay, then.
Really quaff the potion of mutation?
You feel extremely strange.
You feel weaker.
You feel a strange attunement to the structure of the dungeons.
You feel resistant to cold. A pair of antennae grows on your head!
Your +0 helmet falls away!
Really quaff the potion of mutation?
You feel extremely strange.
You feel stronger.
You feel slightly disoriented.
Your body twists and deforms.
You feel stupid.
Are you sure you want to abandon this character and quit the game? (Confirm with "yes".)

####...# ##................####
#....#.#####..#######.......##
#......^.##..## #.......# ###
#.#.#.#.....## #.......# #..
..........##### #.......# #..
...#.8.#......# ###########..
.#.......#....## ##.....
...8.>.8...#...#######
####..####
.#.......#...#.>@....###....##
...#.8.#....########.....####
.........##..# #.....## ##
..#.#.#.####.## ###<##÷.## ##.
#....[..####..###...#....# #..
##...#.....##.....###.##.# ##.#
###...###....#...###.##.#####..#
##########................#.##
#..........#.#.########...#


There were no monsters in sight!

Vanquished Creatures
  An ogre (D:4)
  2 scorpions (D:4)
  An orc priest (D:2)
  A sleepcap (D:4)
  Jessica (D:3)
  Terence (D:3)
  4 iguanas
  Ijyb (D:3)
  A gnoll (D:1)
  9 adders
  An ufetubus (D:5)
  2 worms (D:2)
  2 dart slugs
  4 orcs
  5 endoplasms
  3 giant cockroaches
  8 goblins
  7 hobgoblins
  8 kobolds
  5 quokkas
  11 ball pythons
  3 bats
  5 frilled lizards
  9 rats
95 creatures vanquished.

Notes
Turn   | Place    | Note
-------+----------+-------------------------------------------
     0 | D:5      | Serulin the Gargoyle Delver began the quest for the Orb.
     0 | D:5      | Reached XP level 1. HP: 14/14 MP: 1/1
     4 | D:5      | Noticed a scorpion
    15 | D:4      | Noticed an iguana
    22 | D:4      | Reached XP level 2. HP: 6/19 MP: 2/2
    26 | D:4      | Reached skill level 1 in Armour
    26 | D:4      | Reached XP level 3. HP: 10/24 MP: 3/3
   106 | D:3      | Noticed Ijyb
   113 | D:3      | Paralysed by Ijyb for 3 turns
   117 | D:3      | Paralysed by Ijyb for 5 turns
   135 | D:3      | Paralysed by Ijyb for 2 turns
   138 | D:3      | Killed Ijyb
   139 | D:3      | Reached XP level 4. HP: 18/29 MP: 4/4
   208 | D:3      | Noticed Jessica
   219 | D:3      | Killed Jessica
   411 | D:2      | Reached XP level 5. HP: 8/33 MP: 5/5
   415 | D:2      | HP: 1/33 [endoplasm (2)]
   550 | D:2      | Identified the staff of cold "Zyucuaq" {rC+ rN+ Str+2}
  1760 | D:2      | Found a white marble altar of Elyvilon.
  1951 | D:3      | Identified the +0 dagger of Supply {drain, Drain rC+ rN++
                  | Dex+3}
  2036 | D:2      | Reached XP level 6. HP: 13/39 MP: 6/6
  2230 | D:3      | Noticed Terence
  2245 | D:3      | Killed Terence
  2954 | D:4      | Reached skill level 5 in Fighting
  3026 | D:4      | Reached XP level 7. HP: 37/44 MP: 7/7
  3143 | D:4      | Found a staircase to the Ecumenical Temple.
  3154 | Temple   | Entered the Ecumenical Temple
  3168 | Temple   | Became a worshipper of Gozag Ym Sagoz the Greedy
  3417 | D:4      | Gained mutation: You are weak. (Str -2) [potion of
                  | mutation]
  3417 | D:4      | Gained mutation: You passively map a small area around you.
                  | [potion of mutation]
  3417 | D:4      | Gained mutation: Your flesh is cold resistant. (rC+)
                  | [potion of mutation]
  3417 | D:4      | Gained mutation: You have a pair of small antennae on your
                  | head. [potion of mutation]
  3418 | D:4      | Lost mutation: You are weak. (Str -2) [potion of mutation]
  3418 | D:4      | Lost mutation: You passively map a small area around you.
                  | [potion of mutation]
  3418 | D:4      | Gained mutation: Armour fits poorly on your strangely
                  | shaped body. [potion of mutation]
  3418 | D:4      | Gained mutation: You are dopey. (Int -2) [potion of
                  | mutation]
  3419 | D:4      | Quit the game

Illustrated notes

Levels and vault maps discovered:
D:1:      dpeg_arrival_simpleton_b, layout_basic, st_stairs_1,
          hangedman_decor_peaks_small
D:2:      layout_basic, basic_altar, minmay_pentomino_p4
D:3:      layout_loops_ring, uniq_jessica, uniq_ijyb, uniq_terence
D:4:      layout_rooms, minmay_temple_entry_sparse_star, minivault_27,
          wad_floor_pattern_untrapped
D:5:      layout_cave_pools, kennysheep_flooded_box
Temple:   nicolae_temple_no_exploring_needed

Skill      XL: |  1  2  3  4  5  6  7 |
---------------+----------------------+-----
Armour         | 1 2 3 4 |  4.0
Dodging        | 2 3 |  3.5
Fighting       | 4 5 |  5.4
Maces & Flails | 3 4 |  4.3
Stealth        | |  5.4

Action                     |  1- 3 |  4- 6 |  7- 9 || total
---------------------------+-------+-------+-------++-------
  Melee: Mace              |    35 |   360 |    40 ||   435
         Punch             |       |     5 |       ||     5
    Use: Scroll            |       |     4 |     2 ||     6
         Potion            |       |       |     2 ||     2
   Stab: Sleeping          |     2 |    14 |     2 ||    18
 Armour: Leather armour    |    13 |    75 |       ||    88
         Ring mail         |       |   125 |    18 ||   143
  Dodge: Dodged            |    22 |   303 |    42 ||   367

Table legend: (Time is in decaauts)
 A = Elapsed time spent in this place.
 B = Non-inter-level travel time spent in this place.
 C = Inter-level travel time spent in this place.
 D = Time resting spent in this place.
 E = Time spent auto-exploring this place.
 F = Levels seen in this place.
 G = Mean time per level.
                   A        B        C        D        E       F      G
               +--------+--------+--------+--------+--------+-----+--------+
         Total |   3526 |   3431 |     95 |    435 |   1930 |   6 |  587.7 |
       Dungeon |   3485 |   3398 |     87 |    435 |   1930 |   5 |  697.0 |
        Temple |     40 |     32 |      8 |      0 |      0 |   1 |   40.0 |
               +--------+--------+--------+--------+--------+-----+--------+

Top non-repeatable levels by time:
     D:2: 1061 daAuts
     D:1: 899 daAuts
     D:3: 794 daAuts
     D:4: 646 daAuts
     D:5: 82 daAuts
  Temple: 40 daAuts
